 Seeded DCSS version 0.27-a0-668-gb5737ff2c0 (webtiles) character file.

Game seed: 6989727257301152680 (custom seed)

1734 Terratoch the Covert (level 8, 0/36 HPs)
             Began as a Spriggan Enchanter on Mar 17, 2021.
             Killed from afar by an electric eel (12 damage)
             ... with a bolt of electricity
             ... on level 6 of the Dungeon.
             The game lasted 00:21:02 (6694 turns).

Terratoch the Covert (Spriggan Enchanter)           Turns: 6694, Time: 00:21:02

Health: 0/36       AC:  2    Str:  4    XL:     8   Next: 76%
Magic:  22/22      EV: 25    Int: 18    God:
Gold:   60         SH:  6    Dex: 21    Spells: 3/12 levels left

rFire    . . .     SeeInvis +   g - +7 quick blade
rCold    . . .     Faith    .   i - +0 buckler "Unogouna" {rPois Dex+3}
rNeg     . . .     Spirit   .   b - +0 robe
rPois    +         Reflect  .   (helmet restricted)
rElec    .         Harm     .   t - scarf {shadows}
rCorr    .         Rampage  .   (gloves unavailable)
Will     +....     Clarity  +   (boots unavailable)
Stlth    +++++.....             (no amulet)
HPRegen  0.12/turn              r - ring of magical power
MPRegen  0.18/turn              (no ring)

@: very quick
A: very small, no large weapons, unfitting armour, see invisible, speed 3, claws
1, hooves 1, agile 1, clarity, evolution 1
a: no special abilities


You were on level 6 of the Dungeon.
You visited 1 branch of the dungeon, and saw 6 of its levels.

You collected 386 gold pieces.
You spent 326 gold pieces at shops.

Inventory:

Hand Weapons
 a - a +1 dagger
 g - a +7 quick blade (weapon)
Missiles
 l - 23 poisoned darts (quivered)
 o - 4 boomerangs
 x - 11 atropa-tipped darts
Armour
 b - a +0 robe (worn)
 i - the +0 buckler "Unogouna" (worn) {rPois Dex+3}
   (You bought it in a shop on level 5 of the Dungeon)

   It affects your dexterity (+3).
   It protects you from poison.
 q - a +2 cloak
 t - a scarf of shadows (worn)
Jewellery
 r - a ring of magical power (right claw)
Wands
 y - a wand of polymorph (8)
Scrolls
 f - a scroll of noise {unknown}
 h - a scroll of random uselessness {unknown}
 k - 3 scrolls of teleportation {unknown}
 m - 2 scrolls of torment {unknown}
 n - 2 scrolls of enchant weapon {unknown}
 v - 2 scrolls of fear {unknown}
 w - a scroll of magic mapping {unknown}
Potions
 c - 3 potions of mutation
 d - a potion of berserk rage
 j - a potion of degeneration
 p - a potion of flight
 s - a potion of attraction
 u - 2 potions of curing


   Skills:
 - Level 5.0 Short Blades
 - Level 10.0 Dodging
 + Level 11.6 Stealth
 * Level 0.3 Shields
 - Level 2.6 Spellcasting
 - Level 3.6 Hexes


You had 3 spell levels left.
You knew the following spells:

 Your Spells              Type           Power      Damage    Failure   Level
a - Corona                Hex            16%        N/A       6%          1
b - Ensorcelled Hibernat  Hex/Ice        16%        N/A       21%         2
c - Confusing Touch       Hex            15%        N/A       19%         3
d - Tukima's Dance        Hex            15%        N/A       19%         3

Your spell library contained the following spells:

 Spells                   Type           Power      Damage    Failure   Level
 Slow                     Hex            15%        N/A       10%         2
 Foxfire                  Conj/Fire      8%         2x1d4     26%         1
 Magic Dart               Conj           8%         1d3       26%         1
 Dazzling Flash           Conj/Hex       16%        N/A       36%         3
 Inner Flame              Hex/Fire       8%         N/A       36%         3
 Blink                    Tloc           N/A        N/A       38%         2
 Call Imp                 Summ           2%         N/A       38%         2
 Conjure Flame            Conj/Fire      2%         6-21      63%         3
 Mephitic Cloud           Conj/Pois/Air  2%         N/A       63%         3
 Sticky Flame             Conj/Fire      2%         2d3       95%         4
 Fireball                 Conj/Fire      1%         3d3       100%        5


Dungeon Overview and Level Annotations

Branches:
Dungeon (6/15)
 Temple: D:4-7

Altars:
Fedhas
Makhleb
Ru
Sif Muna
Vehumet
Wu Jian
Xom
Zin
The Shining One

Shops:
D:5 !([(*


Innate Abilities, Weirdness & Mutations

You are very small and have problems with some larger weapons.
You are too small for most types of armour.
You have supernaturally acute eyesight. (SInv)
You cover ground extremely quickly. (Speed+++)
You have sharp fingernails.
You have large cloven feet.
You are agile. (Dex +2)
You possess an exceptional clarity of mind.
You evolve.


Message History

There is an open door here.
Done exploring.
Done exploring.
You see here 26 stones.
There is a stone staircase leading down here.
You climb downwards.
There is a stone staircase leading up here.
y - a wand of polymorph (8)
You open the large door.
A worker ant comes into view.
There is a large open door here.
You enter the shallow water.
Moving in this stuff is going to be slow.
An electric eel comes into view.
The helpless worker ant fails to defend itself.
You stick the worker ant like a pincushion!!!
You kill the worker ant!
You enter the shallow water.
Moving in this stuff is going to be slow.
The electric eel shoots out a bolt of lightning at you!
The bolt of electricity hits you!
You hit the electric eel.
You kick the electric eel, but do no damage.
The electric eel is moderately wounded.
The electric eel shoots out a bolt of lightning at you!
The bolt of electricity hits you!
* * * LOW HITPOINT WARNING * * *
The bolt of electricity hits you!
* * * LOW HITPOINT WARNING * * *
The bolt of electricity hits the electric eel.
The electric eel completely resists.
The bolt of electricity hits the electric eel.
The electric eel completely resists.
You feel much better.
The electric eel shoots out a bolt of lightning at you!
The bolt of electricity hits you!
There is a fountain of clear blue water here.
The electric eel shoots out a bolt of lightning at you!
The bolt of electricity hits you!
You die...

#.# #.#
######.#
#......#
#..###.#
####''#####
#≈≈≈..≈≈≈#
#≈≈≈..≈≈≈#
#≈≈#@##≈≈#
#≈..⌠.#.≈#
#≈.#.⌠..≈#
#≈≈##.#≈≈#
#≈≈≈..;≈≈#
#≈≈≈≈≈≈≈≈#
##########


You could see an electric eel.

Vanquished Creatures
  Sigmund (D:2)
  Eustachio (D:5)
  3 ogres
  A centaur (D:5)
  A phantom (D:5)
  A jelly (D:5)
  A howler monkey (D:5)
  5 wights (D:4)
  A quasit (D:3)
  2 orc priests (D:3)
  Crazy Yiuf (D:3)
  A bullfrog skeleton (D:5)
  Jessica (D:3)
  6 worker ants
  An orc wizard (D:3)
  4 gnolls (D:2)
  2 adders
  3 shadow imps
  A white imp (D:3)
  2 ufetubi (D:5)
  An ooze (D:3)
  3 worms
  4 dart slugs
  7 leopard geckos
  20 orcs
  5 bats
  4 giant cockroaches
  5 goblins
  4 hobgoblins
  4 jackals
  6 kobolds
  A ball python (D:3)
  4 frilled lizards
  A jackal skeleton (D:4)
  A jackal zombie (D:5)
  A leopard gecko skeleton (D:4)
  A quokka skeleton (D:4)
  8 rats
119 creatures vanquished.

Vanquished Creatures (collateral kills)
  2 ogres
  A bullfrog skeleton (D:5)
3 creatures vanquished.

Vanquished Creatures (others)
  4 fungi (D:5)
  3 toadstools (D:5)
7 creatures vanquished.

Grand Total: 129 creatures vanquished

Notes
Turn   | Place    | Note
-------+----------+-------------------------------------------
     0 | D:1      | Terratoch the Spriggan Enchanter began the quest for the
                  | Orb.
     0 | D:1      | Reached XP level 1. HP: 9/9 MP: 5/5
   409 | D:1      | Reached XP level 2. HP: 13/13 MP: 6/6
   412 | D:1      | Learned a level 2 spell: Ensorcelled Hibernation
   493 | D:1      | Reached skill level 5 in Stealth
  1330 | D:1      | Identified a scroll of acquirement
  1330 | D:1      | Acquired a +7 quick blade
  1336 | D:1      | Gained mutation: You evolve. [potion of mutation]
  1336 | D:1      | Gained mutation: You are agile. (Dex +2) [potion of
                  | mutation]
  1336 | D:1      | Gained mutation: You have large cloven feet. [potion of
                  | mutation]
  1373 | D:2      | Reached XP level 3. HP: 6/16 MP: 2/8
  1614 | D:2      | Learned a level 3 spell: Confusing Touch
  1682 | D:2      | Noticed Sigmund
  1724 | D:2      | Killed Sigmund
  1725 | D:2      | Reached skill level 7 in Stealth
  1725 | D:2      | Reached XP level 4. HP: 21/21 MP: 1/9
  1725 | D:2      | Reached XP level 5. HP: 24/24 MP: 1/10
  1851 | D:2      | Found a radiant altar of Vehumet.
  2241 | D:2      | Gained mutation: You have sharp fingernails. [evolution]
  2313 | D:2      | Reached skill level 8 in Stealth
  2503 | D:2      | Found a shimmering altar of Xom.
  2504 | D:2      | Found a burning altar of Makhleb.
  2803 | D:3      | Reached XP level 6. HP: 28/28 MP: 11/11
  2825 | D:3      | Reached skill level 5 in Short Blades
  3036 | D:3      | Found a runed translucent door.
  3037 | D:3      | Noticed Crazy Yiuf
  3216 | D:3      | Found a glowing silver altar of Zin.
  3217 | D:3      | Found a blossoming altar of Fedhas.
  3218 | D:3      | Found a glowing golden altar of the Shining One.
  3442 | D:3      | Found a sacrificial altar of Ru.
  3452 | D:3      | Noticed Jessica
  3458 | D:3      | Killed Jessica
  3478 | D:3      | Reached skill level 5 in Dodging
  3930 | D:3      | Killed Crazy Yiuf
  4053 | D:4      | Reached XP level 7. HP: 32/32 MP: 12/12
  4270 | D:4      | Learned a level 3 spell: Tukima's Dance
  4512 | D:4      | Found an ornate altar of the Wu Jian Council.
  4701 | D:4      | Found a shimmering blue altar of Sif Muna.
  4770 | D:4      | Gained mutation: You possess an exceptional clarity of
                  | mind. [evolution]
  5134 | D:5      | Entered Level 5 of the Dungeon
  5134 | D:5      | Found Pyejad's Antique Weapon Emporium.
  5226 | D:5      | Reached XP level 8. HP: 36/36 MP: 13/13
  5239 | D:5      | Reached skill level 10 in Dodging
  5406 | D:5      | Found Kicw's Antique Weapon Shoppe.
  5426 | D:5      | Noticed Eustachio
  5429 | D:5      | Found Zuriwnim's Armour Shop.
  5432 | D:5      | Killed Eustachio
  5433 | D:5      | Reached skill level 9 in Stealth
  5469 | D:5      | Found Koypt's Distillery.
  5518 | D:5      | Reached skill level 10 in Stealth
  5688 | D:5      | Bought the +0 buckler "Unogouna" {rPois Dex+3} for 264 gold
                  | pieces
  5796 | D:5      | Reached skill level 11 in Stealth
  6312 | D:5      | Found Mahexuw's General Store.
  6338 | D:5      | Bought 8 atropa-tipped darts for 62 gold pieces
  6688 | D:6      | HP: 1/36 [electric eel/bolt of electricity (9)]
  6694 | D:6      | Killed from afar by an electric eel

Illustrated notes

Levels and vault maps discovered:
D:1:      kennysheep_arrival_forest, layout_basic
D:2:      layout_basic, gammafunk_temple_overflow_statue,
          nicolae_vehumet_altar_sigil, uniq_sigmund
D:3:      layout_loops_corners, minitemple, nicolae_ru_awakened_eye,
          uniq_jessica, uniq_crazy_yiuf_cottage
D:4:      layout_loops_ring, nicolae_wu_jian_glorious_leap,
          general_overflow_altar, minmay_box_of_dots
D:5:      layout_basic, serial_shops, nicolae_shop_statue_plus, shop,
          nicolae_shop_waterfront, kennysheep_mini_moat, nicolae_shop_trees,
          chequers_garden, minmay_gold_behind_fungi, uniq_eustachio
D:6:      layout_loops_ring, nicolae_overflow_crystal_walls,
          nemelex_xobeh_ov_fountains_minmay, minmay_temple_entry_offerings,
          kennysheep_generic_room_4

Skill      XL: |  1  2  3  4  5  6  7  8 |
---------------+-------------------------+-----
Stealth        | 5 7 8 11 | 11.6
Short Blades   | 2 4 5 |  5.0
Dodging        | 6 9 10 | 10.0
Shields        | |  0.3
Spellcasting   | |  2.6
Hexes          | |  3.6

Action                   |  1- 3 |  4- 6 |  7- 9 || total
-------------------------+-------+-------+-------++-------
Melee: Dagger            |    76 |       |       ||    76
       Quick blade       |    16 |   103 |   151 ||   270
       Kick              |       |    15 |    37 ||    52
 Cast: Ensorcelled Hiber |     3 |    13 |    10 ||    26
       Confusing Touch   |     1 |       |     4 ||     5
       Tukima's Dance    |       |       |     6 ||     6
  Use: Potion            |     2 |       |     2 ||     4
       Scroll            |     1 |       |     4 ||     5
 Stab: Sleeping          |     9 |    19 |    14 ||    42
       Distracted        |       |     1 |     2 ||     3
       Confused          |       |       |     4 ||     4
Armor: Robe              |    10 |     4 |     2 ||    16
Dodge: Dodged            |    77 |    48 |    59 ||   184
Block: Buckler           |       |       |     6 ||     6

Table legend: (Time is in decaauts)
 A = Elapsed time spent in this place.
 B = Non-inter-level travel time spent in this place.
 C = Inter-level travel time spent in this place.
 D = Time resting spent in this place.
 E = Time spent auto-exploring this place.
 F = Levels seen in this place.
 G = Mean time per level.
                   A        B        C        D        E       F      G
               +--------+--------+--------+--------+--------+-----+--------+
         Total |   4846 |   4846 |      0 |    631 |   3175 |   6 |  807.7 |
       Dungeon |   4846 |   4846 |      0 |    631 |   3175 |   6 |  807.7 |
               +--------+--------+--------+--------+--------+-----+--------+

Top non-repeatable levels by time:
     D:5: 1079 daAuts
     D:1: 1059 daAuts
     D:2: 1022 daAuts
     D:4: 861 daAuts
     D:3: 797 daAuts
     D:6: 25 daAuts
